 Dungeon Crawl Stone Soup version 0.31.0-1-g2c135a0 (webtiles) character file.

Game seed: 3112308858624387040

2665 brinewave the Grappler (level 9, -1/88 HPs)
             Began as a Troll Fighter on Jan 26, 2024.
             Slain by an orc warlord
             ... wielding a +6 broad axe
              (16 damage)
             ... in a bailey.
             The game lasted 00:22:12 (5915 turns).

brinewave the Grappler (Troll Fighter)              Turns: 5915, Time: 00:22:12

Health: -1/88      AC:  9    Str: 36    XL:     9   Next: 36%
Magic:  8/8        EV:  9    Int:  4    God:
Gold:   1312       SH:  9    Dex:  9    Spells: 8/8 levels left

rFire   + .          .
                       - Unarmed
rCold   . . .        b - +0 kite shield
rNeg    . . .        C - +0 steam dragon scales
rPois   .            (helmet restricted)
rElec   .            p - +1 cloak
rCorr   .            (gloves unavailable)
SInv    .            (boots unavailable)
Will    .....        (no amulet)
Stlth   +            A - +6 ring of strength
HPRegen 1.14/turn    k - ring of protection from fire
MPRegen 0.11/turn

%: no passive effects
@: no status effects
A: large, unfitting armour, claws 3, regeneration 1, shaggy fur 1, tough skin 1
a: no special abilities


You were in a bailey.
You visited 1 branch of the dungeon, and saw 7 of its levels.
You also visited: Sewer and Bailey.

You collected 1396 gold pieces.
You spent 84 gold pieces at shops.

Inventory:

Missiles
 e - 72 stones
 m - 3 atropa-tipped darts
 n - 19 poisoned darts
 s - a curare-tipped dart
 B - a throwing net
 E - 22 boomerangs (quivered)
Armour
 b - a +0 kite shield (worn)
 d - a +1 robe of cold resistance
 p - a +1 cloak (worn)
 C - +0 steam dragon scales (worn)
Jewellery
 h - a ring of poison resistance
 k - a ring of protection from fire (right claw)
 y - a ring of flight
 A - a +6 ring of strength (left claw)
Wands
 f - a wand of roots (6)
Scrolls
 a - 9 scrolls of teleportation
 g - a scroll of silence
 j - a scroll of fog
 l - 3 scrolls of fear
 r - a scroll of torment {unknown}
 u - 2 scrolls of summoning {unknown}
 w - 2 scrolls of enchant armour {unknown}
 D - 2 scrolls of blinking {unknown}
Potions
 c - a potion of might
 i - a potion of invisibility {unknown}
 o - 3 potions of lignification
 q - a potion of attraction {unknown}
 t - 3 potions of curing
 v - 3 potions of haste
 x - a potion of resistance {unknown}
 z - a potion of ambrosia {unknown}
 F - a potion of mutation {unknown}
 G - a potion of berserk rage {unknown}
 H - 2 potions of heal wounds


   Skills:
 + Level 5.3 Fighting
 + Level 5.0 Throwing
 - Level 2.4 Dodging
 + Level 5.9 Shields
 * Level 8.4 Unarmed Combat


You had 8 spell levels left.
You didn't know any spells.
Your spell library contained the following spells:

 Spells                   Type           Power      Damage    Failure   Level
 Freeze                   Ice            0%         1d3       67%         1
 Sting                    Conj/Alch      0%         1d3       67%         1
 Ensorcelled Hibernation  Hex/Ice        0%         N/A       80%         2
 Lesser Beckoning         Tloc           0%         N/A       80%         2
 Mercury Vapours          Alch/Air       0%         N/A       80%         2
 Frozen Ramparts          Ice            0%         1d1       95%         3
 Fugue of the Fallen      Necr           0%         N/A       95%         3
 Gell's Gravitas          Tloc           0%         N/A       95%         3
 Hailstorm                Conj/Ice       0%         3d5       95%         3
 Passwall                 Erth           0%         N/A       95%         3
 Swiftness                Air            0%         N/A       95%         3
 Teleport Other           Tloc           0%         N/A       95%         3
 Volatile Blastmotes      Fire/Tloc      0%         2d10      95%         3
 Anguish                  Hex/Necr       0%         N/A       100%        4
 Fulminant Prism          Conj/Alch      0%         3d5       100%        4
 Iskenderun's Mystic Bla  Conj/Tloc      0%         2d3       100%        4
 Olgreb's Toxic Radiance  Alch           0%         N/A       100%        4
 Vhi's Electric Charge    Tloc/Air       0%         N/A       100%        4
 Arcjolt                  Conj/Air       0%         1d10      100%        5
 Plasma Beam              Fire/Air       0%         2x1d10    100%        6
 Malign Gateway           Summ/Tloc      0%         N/A       100%        7
 Ozocubu's Refrigeration  Ice            0%         4d7       100%        7
 Discord                  Hex            0%         N/A       100%        8
 Summon Horrible Things   Summ           0%         N/A       100%        8


Dungeon Overview and Level Annotations

Branches:
Dungeon (7/15)             Temple (0/1) D:4           Sewer (visited)
 Bailey (1/1)

Altars:
Ashenzari
Cheibriados
Elyvilon

Shops:
D:2 =(?:(   D:3 =:   D:4 (

Annotations:
D:6 3 runed translucent doors, hungryneko's ghost, novice GrFi; yakattack's ghost, novice DgHu


Innate Abilities, Weirdness & Mutations

You are too large for most types of armour.
You have claws for hands.
Your natural rate of healing is unusually fast.
You are covered in fur. (AC +1)
You have tough skin. (AC +1)


Message History

v - 3 potions of haste (gained 1)
H - a potion of heal wounds You now have 1298 gold pieces (gained 16).
The orc warlord shouts!
H - 2 potions of heal wounds (gained 1)
u - 2 scrolls labelled DIUTOOKK ROINUHIMP (gained 1)
D - 2 scrolls labelled ELINIRIEGG (gained 1)
You now have 1312 gold pieces (gained 14).
Found a gate leading back out of this place.
Things that are here:
a +0 hand axe; a +0 leather armour As you open the gate, it creaks loudly!
You hear a shout!
You claw the orc warlord!
The orc warlord is lightly wounded.
You block the orc warlord's attack.
You claw the orc warlord!
The orc warlord is moderately wounded.
You block the orc warlord's attack.
You scratch the orc warlord.
The orc warlord is moderately wounded.
The orc warlord hits you with a +6 broad axe!
You mangle the orc warlord!!
The orc warlord is heavily wounded.
You mangle the orc warlord!!
The orc warlord is heavily wounded.
The orc warlord hits you with a +6 broad axe!!
The orc shouts!
You claw the orc warlord!
The orc warlord is severely wounded.
You block the orc warlord's attack.
You scratch the orc warlord.
The orc warlord is severely wounded.
The orc warlord hits you with a +6 broad axe!!
You claw the orc warlord!
The orc warlord is severely wounded.
The orc warlord hits you with a +6 broad axe!!
* * * LOW HITPOINT WARNING * * *
The orc warlord attacks as it pursues you!
The orc warlord hits you with a +6 broad axe!
You die...

##......####~~ ~~##...
##.....#~~#~. .:~#...
##....#~..... ..!~#...
#...##~8.8.. 8.8##...
#...'~~..... ...#....
#...g~~....∩ ...#....
#...'~~o.... ...#....
#..o##~8.8.. .8##...
##...@#~..... .!~#...
##.....#~~#~.. .)~#...
##......#### ~~##...
#...8......#########....
#........))'†.)..'....8.
#!........)#~~~~~#......
##..8..8...#~~~~~#......
##.......##~~~~~##...8.
##.....##.......##....


You could see an orc warlord and an orc.

Vanquished Creatures
  An orc knight (Bailey)
  A steam dragon (D:7)
  A water moccasin (D:6)
  An orc warrior (Bailey)
  A black bear (D:5)
  2 ogres (D:6)
  A phantom (D:6)
  2 kobold brigands
  2 scorpions
  Blork the orc (D:5)
  9 wights
  A vampire bat (D:3)
  A howler monkey (D:6)
  4 jellies (D:6)
  Jessica (D:2)
  2 iguanas (D:4)
  A hell rat (Sewer)
  4 orc wizards
  Natasha (thrice) (D:2)
  4 adders
  4 gnolls
  A river rat (D:3)
  3 dart slugs
  3 fire bats (D:3)
  13 orcs
  2 spectral bats (D:3)
  3 bat skeletons (D:3)
  A bat zombie (D:3)
  6 endoplasms
  4 giant cockroaches
  22 goblins
  5 hobgoblins
  3 jackals (D:1)
  22 kobolds
  3 quokkas (D:1)
  8 ball pythons
  18 bats
  A bat simulacrum (D:3)
  6 frilled lizards
  9 rats
180 creatures vanquished.

Vanquished Creatures (others)
  An endoplasm (D:1)
1 creature vanquished.

Grand Total: 181 creatures vanquished

Notes
Turn   | Place    | Note
-------+----------+-------------------------------------------
     0 | D:1      | brinewave the Troll Fighter began the quest for the Orb.
     0 | D:1      | Reached XP level 1. HP: 22/22 MP: 0/0
   127 | D:1      | Reached XP level 2. HP: 18/29 MP: 1/1
   393 | D:1      | Reached XP level 3. HP: 36/36 MP: 2/2
   778 | D:1      | Reached skill level 1 in Throwing
  1045 | D:2      | Noticed Jessica
  1050 | D:2      | Killed Jessica
  1051 | D:2      | Reached skill level 3 in Unarmed Combat
  1051 | D:2      | Reached XP level 4. HP: 33/44 MP: 3/3
  1082 | D:2      | Found Estinito's Weapon Emporium.
  1094 | D:2      | Found Irodiamm's Book Shoppe.
  1124 | D:2      | Found Nuxia's Magic Scroll Shop.
  1127 | D:2      | Found Pawn's Jewellery Emporium.
  1134 | D:2      | Bought a scroll of teleportation for 36 gold pieces
  1134 | D:2      | Bought a scroll of identify for 24 gold pieces
  1134 | D:2      | Bought a scroll of identify for 24 gold pieces
  1352 | D:2      | Found Yngoises's Antique Weapon Shop.
  1571 | D:2      | Noticed Natasha
  1575 | D:2      | Killed Natasha
  1684 | D:2      | Noticed Natasha
  1688 | D:2      | Killed Natasha
  1689 | D:2      | Reached XP level 5. HP: 53/53 MP: 4/4
  1692 | D:2      | Noticed Natasha
  1701 | D:2      | Killed Natasha
  1781 | D:3      | Identified a scroll of acquirement
  1782 | D:3      | Acquired 1083 gold pieces
  1861 | D:3      | Found Hibad's Book Emporium.
  2237 | D:3      | Found a glowing drain.
  2241 | Sewer    | Entered a sewer
  2273 | Sewer    | Reached skill level 4 in Unarmed Combat
  2466 | D:3      | Reached XP level 6. HP: 44/61 MP: 5/5
  2574 | D:3      | Found Meufreff's Jewellery Emporium.
  2635 | D:3      | Found Qecummum's General Store.
  3447 | D:4      | Reached skill level 5 in Unarmed Combat
  3612 | D:4      | Found a staircase to the Ecumenical Temple.
  3623 | D:4      | Reached XP level 7. HP: 67/67 MP: 6/6
  3751 | D:4      | Found Qus Fusm's Firing Range.
  3864 | D:5      | Entered Level 5 of the Dungeon
  3864 | D:5      | Noticed Blork the orc
  3877 | D:5      | Killed Blork the orc
  3923 | D:5      | Identified the +5 ring mail of Tartarus {rF+++ rCorr Dex-4
                  | Stlth+}
  4420 | D:6      | Reached skill level 6 in Unarmed Combat
  4433 | D:6      | Reached XP level 8. HP: 52/77 MP: 7/7
  4493 | D:6      | Found a white marble altar of Elyvilon.
  4496 | D:6      | Found a snail-covered altar of Cheibriados.
  4839 | D:6      | Reached skill level 5 in Shields
  4943 | D:6      | Found a broken altar of Ashenzari.
  4974 | D:6      | Found a runed translucent gate.
  4974 | D:6      | Found a runed translucent gate.
  4974 | D:6      | Found a runed translucent gate.
  4974 | D:6      | Noticed yakattack's ghost (novice DgHu)
  4975 | D:6      | Noticed hungryneko's ghost (novice GrFi)
  5011 | D:6      | Reached skill level 7 in Unarmed Combat
  5422 | D:7      | Reached skill level 5 in Fighting
  5422 | D:7      | Reached XP level 9. HP: 61/88 MP: 8/8
  5571 | D:7      | Found a flagged portal.
  5592 | Bailey   | Entered a bailey
  5597 | Bailey   | Noticed an orc warlord
  5713 | Bailey   | Noticed an orc knight
  5714 | Bailey   | Found a runed translucent gate.
  5714 | Bailey   | Found a runed translucent gate.
  5732 | Bailey   | HP: 3/88 [orc warrior/+0 war axe (11)]
  5738 | Bailey   | HP: 4/88 [orc knight/+0 broad axe (16)]
  5769 | Bailey   | Killed an orc knight
  5770 | Bailey   | Reached skill level 8 in Unarmed Combat
  5781 | Bailey   | Reached skill level 5 in Throwing
  5863 | Bailey   | Found a runed translucent gate.
  5915 | Bailey   | Slain by an orc warlord

Illustrated notes

Levels and vault maps discovered:
D:1:      onia_arrival_pentagram, layout_basic, serial_co_window_serial,
          co_window_corner_a, co_window_paths_b, co_window_of_opportunity_a,
          co_window_paths_a, co_window_corner_a, co_window_unsneaky_path_d,
          co_window_cross_3, co_window_unsneaky_path_e, co_window_2corner,
          glass_columns_b, lemuel_flame_loot_1
D:2:      layout_basic, serial_forest, infiniplex_forest_straight_3,
          infiniplex_forest_end_2, infiniplex_forest_fountain,
          infiniplex_forest_lined_3_way, infiniplex_forest_clump_long,
          serial_shops, nicolae_shop_hallway_plus, shop, shop, shop, shop,
          minmay_misc_feat_diagonals, nicolae_kite_square_tiling_tiny,
          dk_noncrumbling_2, uniq_jessica, uniq_natasha
D:3:      cheibrodos_thug_alley, layout_basic,
          mainiacjoe_sewer_entry_somewhere_in_here_2, serial_shops,
          nicolae_shop_gaudy_bauble, shop, nicolae_shop_tiny_real_fake_doors,
          minivault_26, goddamned_bats
D:4:      layout_loops_corners, minmay_temple_entry_antechambers,
          nicolae_shop_firing_range
D:5:      layout_rooms, serial_bayou_ford_a, ebering_dispersal_statue_hall,
          uniq_blork_the_orc
D:6:      layout_loops_corners, kennysheep_mini, nicolae_overflow_squiral,
          gammafunk_ghost_cemetery
D:7:      layout_basic, enter_bailey_5, uniq_pikel, uniq_joseph
Bailey:   bailey_axe_bossmonster_kennysheep, bailey

Skill      XL: |  1  2  3  4  5  6  7  8  9 |
---------------+----------------------------+-----
Shields        | 3 4 5 |  5.9
Throwing       | 1 2 3 4 5 |  5.0
Unarmed Combat | 3 4 5 6 7 8 |  8.4
Fighting       | 3 4 5 |  5.3
Dodging        | |  2.4

Action                     |  1- 3 |  4- 6 |  7- 9 || total
---------------------------+-------+-------+-------++-------
  Melee: Unarmed           |    60 |   199 |   230 ||   489
  Throw: Dart              |       |       |     3 ||     3
         Boomerang         |       |       |     9 ||     9
    Use: Scroll            |     4 |     4 |     6 ||    14
         Potion            |       |       |     4 ||     4
   Stab: Sleeping          |       |     1 |       ||     1
 Armour: Robe              |    24 |   179 |    88 ||   291
         Steam dragon scal |       |       |    36 ||    36
  Dodge: Dodged            |    17 |   126 |    77 ||   220
  Block: Kite shield       |    22 |   141 |    94 ||   257
